 Dungeon Crawl Stone Soup version 0.29-a0-477-g62b78b4225 (webtiles) character file.

Game seed: 8722927831274869920

432 Infinimo the Cudgeller (level 7, -1/74 HPs)
             Began as an Ogre Gladiator on May 25, 2022.
             Succumbed to a kobold brigand's poison
             ... on level 4 of the Dungeon.
             The game lasted 00:06:03 (5584 turns).

Infinimo the Cudgeller (Ogre Gladiator)             Turns: 5584, Time: 00:06:03

Health: -1/74      AC:  4    Str: 19    XL:     7   Next: 0%
Magic:  7/7        EV: 10    Int: 11    God:
Gold:   55         SH:  0    Dex: 10    Spells: 6/6 levels left

rFire   . . .      SeeInvis .   a - +0 flail
rCold   . . .      Faith    .   (no shield)
rNeg    . . .      Spirit   .   b - +0 robe
rPois   .          Reflect  .   c - +1 hat
rElec   .          Harm     .   (no cloak)
rCorr   .          Rampage  .   (gloves unavailable)
Will    .....                   (boots unavailable)
Stlth   +.........              (no amulet)
HPRegen 0.22/turn               (no ring)
MPRegen 0.10/turn               (no ring)

@: lethally poisoned (-1 -> -16)
A: large, unfitting armour, tough skin 1
a: no special abilities


You were on level 4 of the Dungeon.
You visited 1 branch of the dungeon, and saw 4 of its levels.

You collected 88 gold pieces.
You spent 33 gold pieces at shops.

Inventory:

Hand Weapons
 a - a +0 flail (weapon)
Missiles
 d - 2 throwing nets (quivered)
 e - 6 large rocks
 f - 10 poisoned darts
Armour
 b - a +0 robe (worn)
 c - a +1 hat (worn)
Jewellery
 g - a ring of ice
Scrolls
 i - a scroll of amnesia
 n - a scroll of identify
Potions
 l - 2 potions of haste


   Skills:
 + Level 5.8 Fighting
 * Level 5.9 Maces & Flails
 - Level 2.0 Throwing
 - Level 2.6 Dodging


You had 6 spell levels left.
You didn't know any spells.
Your spell library contained the following spells:

 Spells                   Type           Power      Damage    Failure   Level
 Sandblast                Erth           0%         2d4       34%         1
 Passwall                 Tmut/Erth      0%         N/A       47%         2
 Conjure Flame            Conj/Fire      0%         6-21      71%         3
 Ignite Poison            Fire/Tmut/Pois 0%         N/A       71%         3
 Stone Arrow              Conj/Erth      0%         3d7       71%         3
 Sticky Flame             Conj/Fire      0%         2d3       98%         4
 Conjure Ball Lightning   Conj/Air       0%         3x3d6     100%        6
 Discord                  Hex            0%         N/A       100%        8
 Disjunction              Tloc           0%         N/A       100%        8


Dungeon Overview and Level Annotations

Branches:
Dungeon (4/15)
 Temple: D:4-7

Altars:

Shops:
D:1 *   D:2 ([[=*


Innate Abilities, Weirdness & Mutations

You are too large for most types of armour.
You have tough skin. (AC +1)


Message History

* * * LOW HITPOINT WARNING * * *
You feel much better.
You feel very sick.
The kobold brigand hits you with a +0 dagger of venom!
* * * LOW HITPOINT WARNING * * *
The kobold brigand is almost dead.
* * * LOW HITPOINT WARNING * * *
You feel very sick.
The kobold brigand hits you with a +0 dagger of venom.
* * * LOW HITPOINT WARNING * * *
You feel better.
You are poisoned.
You feel better.
The kobold brigand hits you with a +0 dagger of venom.
You are poisoned.
You feel better.
The kobold brigand is almost dead.
The kobold brigand hits you with a +0 dagger of venom.
You are poisoned.
The kobold brigand is almost dead.
You feel very sick.
The kobold brigand hits you with a +0 dagger of venom.
You are more poisoned.
The kobold brigand is almost dead.
You feel very sick.
The kobold brigand hits you with a +0 dagger of venom.
* * * LOW HITPOINT WARNING * * *
You are lethally poisoned!
The kobold brigand is almost dead.
* * * LOW HITPOINT WARNING * * *
You feel very sick.
The kobold brigand hits you with a +0 dagger of venom.
* * * LOW HITPOINT WARNING * * *
You sock the kobold brigand!
You kill the kobold brigand!
* * * LOW HITPOINT WARNING * * *
You feel very sick.
You have reached level 7!
Unknown command.
You die...

######......#...........#......#
............#......######.....)##
...........##....).#......###'#†.
.......†...#.......#......#...+.)
...........#......≈≈≈.....#...#..
......######..≈≈≈≈≈≈≈≈≈...#...#..
....###...######≈≈≈≈≈≈≈≈..#...#..
##### .........###≈≈≈####.#.(.###
#......@#####....#......
######.)..).....)#......
###.....###.#...##.
#######...######. #......'...##.
#......#....+. #......#....#.
#......#....#. #......#...##.


There were no monsters in sight!

Vanquished Creatures
  2 kobold brigands (D:4)
  A hound (D:4)
  Terence (D:3)
  Natasha (thrice) (D:3)
  An iguana (D:4)
  A river rat (D:3)
  4 adders (D:3)
  3 worms (D:2)
  A dart slug (D:1)
  An orc (D:4)
  5 endoplasms
  6 giant cockroaches
  3 goblins
  4 hobgoblins
  5 jackals (D:3)
  3 quokkas
  14 ball pythons
  8 bats
  8 frilled lizards
  10 kobolds
  8 rats
92 creatures vanquished.

Notes
Turn   | Place    | Note
-------+----------+-------------------------------------------
     0 | D:1      | Infinimo the Ogre Gladiator began the quest for the Orb.
     0 | D:1      | Reached XP level 1. HP: 22/22 MP: 1/1
   216 | D:1      | Reached XP level 2. HP: 27/31 MP: 2/2
   311 | D:1      | Found Nepis's Assorted Antiques.
   621 | D:1      | Reached XP level 3. HP: 37/37 MP: 3/3
  1944 | D:2      | Found Rekemm's General Store.
  1953 | D:2      | Bought a potion of curing for 33 gold pieces
  1991 | D:2      | Found Veirot's Weapon Shoppe.
  2021 | D:2      | Found Oschah's Armour Emporium.
  2049 | D:2      | Found Itwoij's Jewellery Shoppe.
  2145 | D:2      | Reached XP level 4. HP: 48/48 MP: 4/4
  2163 | D:2      | Found Saotwoq's Armour Emporium.
  2732 | D:2      | Found a faded altar of an unknown god.
  3075 | D:3      | Noticed Terence
  3257 | D:3      | Killed Terence
  3453 | D:3      | Noticed Natasha
  3463 | D:3      | Killed Natasha
  3464 | D:3      | Reached XP level 5. HP: 39/55 MP: 5/5
  4025 | D:3      | Noticed Natasha
  4033 | D:3      | Killed Natasha
  4069 | D:3      | Noticed Natasha
  4075 | D:3      | Killed Natasha
  4076 | D:3      | Reached skill level 5 in Maces & Flails
  4640 | D:3      | Reached skill level 5 in Fighting
  4640 | D:3      | Reached XP level 6. HP: 63/66 MP: 6/6
  5583 | D:4      | HP: 3/66 [poisoned by a kobold brigand]
  5584 | D:4      | Reached XP level 7. HP: 3/74 MP: 7/7
  5584 | D:4      | Succumbed to a kobold brigand's poison

Illustrated notes

Levels and vault maps discovered:
D:1:      minmay_arrival_open_corners, layout_loops_ring, serial_shops,
          nicolae_shop_overgrown_old_shop
D:2:      layout_basic, serial_shops, nicolae_lakefront_shop, shop,
          nicolae_diamond_shop, shop, nicolae_shop_trees,
          chequers_ecumenical_altar_grove, minmay_vboxes
D:3:      layout_basic, portal_sewer_entry_b, uniq_terence, uniq_natasha
D:4:      cheibrodos_thug_alley, layout_gridville, uniq_crazy_yiuf_cottage

Skill      XL: |  1  2  3  4  5 |
---------------+----------------+-----
Fighting       | 3 4 5 |  5.8
Maces & Flails | 3 4 5 |  5.9
Throwing       | |  2.0
Dodging        | |  2.6

Action                   |  1- 3 |  4- 6 |  7- 9 || total
-------------------------+-------+-------+-------++-------
Melee: Flail             |   143 |   216 |       ||   359
       Punch             |       |     3 |       ||     3
Throw: Throwing net      |       |     2 |       ||     2
  Use: Scroll            |     8 |     2 |       ||    10
       Potion            |       |     9 |       ||     9
 Stab: Sleeping          |     1 |       |       ||     1
Armor: Robe              |    62 |    63 |       ||   125
Dodge: Dodged            |    67 |   132 |       ||   199

Table legend: (Time is in decaauts)
 A = Elapsed time spent in this place.
 B = Non-inter-level travel time spent in this place.
 C = Inter-level travel time spent in this place.
 D = Time resting spent in this place.
 E = Time spent auto-exploring this place.
 F = Levels seen in this place.
 G = Mean time per level.
                   A        B        C        D        E       F      G
               +--------+--------+--------+--------+--------+-----+--------+
         Total |   5661 |   5442 |    219 |   1293 |   3280 |   4 | 1415.2 |
       Dungeon |   5661 |   5442 |    219 |   1293 |   3280 |   4 | 1415.2 |
               +--------+--------+--------+--------+--------+-----+--------+

Top non-repeatable levels by time:
     D:2: 1896 daAuts
     D:3: 1748 daAuts
     D:1: 1247 daAuts
     D:4: 769 daAuts
